 Dungeon Crawl Stone Soup version 0.30-a0-371-gad7725a93e (webtiles) character file.

Game seed: 5412584384402354590

242 oldmanjim the Magician (level 6, -2/47 HPs)
             Began as a Djinni Earth Elementalist on Nov 20, 2022.
             Was an Initiate of Ashenzari.
             Slain by a hobgoblin (5 damage)
             ... led by Robin
             ... on level 3 of the Dungeon.
             The game lasted 00:16:23 (2294 turns).

oldmanjim the Magician (Djinni Earth Elementalist)  Turns: 2294, Time: 00:16:24

Health: -2/47      AC:  3    Str:  7    XL:     6   Next: 30%
Gold:   322        EV: 12    Int: 19    God:    Ashenzari [......] SH:  0 Dex: 13

rFire   + + .      SeeInvis .    a - +0 dagger
rCold   x . .      Faith    .    (no shield)
rNeg    . . .      Spirit   .    k - +0 leather armour
rPois   ∞          Reflect  .    (no helmet)
rElec   .          Harm     .    (no cloak)
rCorr   .          Rampage  .    (no gloves)
Will    .....                    (boots unavailable)
Stlth   ++........               v - amulet of the Restrained Sage {Regen+, Fort, Self} (curse)
HPRegen 1.07/turn                (no ring)
MPRegen 0.00/turn                (no ring)

@: flying
A: sickness immunity, fire resistance 2, cold vulnerability 1, float, innate
caster, HP casting, extra vitality 1
a: Renounce Religion, Shatter the Chains


You were on level 3 of the Dungeon.
You worshipped Ashenzari.
Ashenzari was noncommittal.
You visited 1 branch of the dungeon, and saw 6 of its levels.
You also visited: Ossuary.

You collected 322 gold pieces.

Inventory:

Hand Weapons
 a - a +0 dagger (weapon)
Missiles
 h - 21 stones (quivered)
Armour
 k - a +0 leather armour (worn)
 m - a +0 robe
Jewellery
 u - a ring of fire
 v - the cursed amulet of the Restrained Sage (around neck) {Regen+, Fort, Self}
   (You found it on level 3 of the Dungeon)

   [amulet of regeneration]

   Regen:     It increases your rate of health regeneration.
   It has a curse which improves the following skills: Fortitude: Armour and
   Shields.
   Introspection: Fighting and Spellcasting.
Scrolls
 c - a scroll of poison {unknown}
 d - a scroll of amnesia {unknown}
 e - 3 scrolls of identify {unknown}
 f - a scroll of fog {unknown}
 g - 2 scrolls of vulnerability {unknown}
 l - a scroll of fear {unknown}
 n - 2 scrolls of immolation {unknown}
 s - 2 scrolls of blinking {unknown}
 t - a scroll of enchant weapon {unknown}
 w - a scroll of torment {unknown}
Potions
 b - 2 potions of degeneration {unknown}
 i - a potion of brilliance {unknown}
 j - a potion of haste {unknown}
 o - 7 potions of curing {unknown}
 p - 2 potions of mutation {unknown}
 q - 3 potions of lignification {unknown}
 r - 3 potions of berserk rage {unknown}


   Skills:
 + Level 3.7(4.1) Fighting
 - Level 3.0 Dodging
 - Level 1.5 Stealth
 + Level 3.8(4.2) Spellcasting


You couldn't memorise any spells.
You knew the following spells:

 Your Spells              Type           Power      Damage    Failure   Level
a - Sandblast             Erth           40%        2d10      3%          1
b - Passwall              Tmut/Erth      16%        N/A       5%          2
c - Stone Arrow           Conj/Erth      40%        3d9       11%         3
d - Petrify               Tmut/Erth      20%        N/A       34%         4
e - Apportation           Tloc           40%        N/A       3%          1
f - Scorch                Fire           40%        2d7       5%          2
Your spell library was empty.

Dungeon Overview and Level Annotations

Branches:
Dungeon (6/15)             Temple (0/1) D:5         Ossuary (visited)

Altars:
Ashenzari

Annotations:
D:3 Robin
D:5 Duvessa


Innate Abilities, Weirdness & Mutations

You are immune to sickness and miasma.
You are immune to poison.
Your flesh is very heat resistant. (rF++)
You are vulnerable to cold. (rC-)
You float through the air rather than walking.
You learn spells naturally, not from books.
Your magical power is your life essence.
You have superior vitality. (+4 MHP)


Message History

Casting: Sandblast (safe; 3% risk of failure)
Confirm with . or Enter, or press ? or * to list all spells.
Aiming: Sandblast (safe; 3% risk of failure)
Press: ? - help, Shift-Dir - straight line, f - goblin
Aim: a goblin, wielding a +0 dagger (strong, 79% to hit)
The blast of sand hits the goblin!
You kill the goblin!
The hobgoblin hits you. x2
The hobgoblin hits you but does no damage.
The hobgoblin barely misses you. x2; The hobgoblin hits you.
Casting: Sandblast (safe; 3% risk of failure)
Confirm with . or Enter, or press ? or * to list all spells.
Aiming: Sandblast (safe; 3% risk of failure)
Press: ? - help, Shift-Dir - straight line, f - hobgoblin
Aim: a hobgoblin (strong, 83% to hit)
The blast of sand hits the hobgoblin.
The hobgoblin is heavily wounded.
The hobgoblin barely misses you. x2
The hobgoblin hits you but does no damage.
Casting: Sandblast (safe; 3% risk of failure)
Confirm with . or Enter, or press ? or * to list all spells.
Aiming: Sandblast (safe; 3% risk of failure)
Press: ? - help, Shift-Dir - straight line, f/p - hobgoblin
Aim: a hobgoblin (heavily wounded, strong, 83% to hit)
The blast of sand hits the hobgoblin but does no damage.
The hobgoblin is heavily wounded.
The goblin no longer looks unusually strong. x2
The hobgoblin closely misses you. The hobgoblin barely misses you. x2
Robin roars a battlecry!
The goblins go into a battle-frenzy!
Robin throws the goblin at you! The hobgoblin barely misses you.
The hobgoblin hits you.
* * * LOW HITPOINT WARNING * * *
The hobgoblin hits you.
* * * LOW HITPOINT WARNING * * *
The goblin closely misses you. The hobgoblin attacks as you move away!
The hobgoblin hits you.
* * * LOW HITPOINT WARNING * * *
The hobgoblin attacks as you move away! The hobgoblin hits you.
You die...

.... .... .....
..... ......
..... ......
...... ......
......####......
......)#g.......
.....$g@gg..#
########g...#
#g...####
#).......
#......!.
######........
#.^.......#...
#.†.......###.
#†........#


You could see Robin, 3 hobgoblins and 2 goblins.

Vanquished Creatures
  8 mummies (Ossuary)
  8 adders
  3 worms
  6 endoplasms
  A giant cockroach (D:2)
  2 gnoll zombies (Ossuary)
  9 goblins
  4 hobgoblins
  2 quokkas
  7 ball pythons
  7 bats
  5 frilled lizards
  4 hobgoblin zombies (Ossuary)
  3 kobolds
  A kobold zombie (Ossuary)
  An orc zombie (Ossuary)
  5 rats
76 creatures vanquished.

Notes
Turn   | Place    | Note
-------+----------+-------------------------------------------
     0 | D:1      | oldmanjim the Djinni Earth Elementalist began the quest for
                  | the Orb.
     0 | D:1      | oldmanjim set off with the following spells memorised:
                  | Sandblast, Passwall, Stone Arrow, Petrify.
     0 | D:1      | Reached XP level 1. HP: 15/15 MP: 0/0
    73 | D:1      | Reached skill level 1 in Fighting
    73 | D:1      | Reached XP level 2. HP: 21/22 MP: 0/0
   430 | D:1      | Reached XP level 3. HP: 27/27 MP: 0/0
   430 | D:1      | Learned a level 1 spell: Apportation
   889 | D:2      | Reached XP level 4. HP: 30/33 MP: 0/0
  1231 | D:2      | Found a broken altar of Ashenzari.
  1244 | D:2      | Became a worshipper of Ashenzari the Shackled
  1630 | D:2      | Reached XP level 5. HP: 36/39 MP: 0/0
  1630 | D:2      | Learned a level 2 spell: Scorch
  1811 | D:3      | You are sucked into a shaft and drop 3 floors!
  1817 | D:5      | Entered Level 5 of the Dungeon
  1817 | D:5      | Found a staircase to the Ecumenical Temple.
  1824 | D:5      | Noticed Duvessa
  1930 | D:4      | Found a sand-covered staircase.
  1935 | Ossuary  | Entered an ossuary
  2097 | Ossuary  | Reached XP level 6. HP: 47/47 MP: 0/0
  2273 | D:3      | Noticed Robin
  2294 | D:3      | Slain by a hobgoblin

Illustrated notes

Levels and vault maps discovered:
D:1:      minmay_arrival_three_doors, layout_loops_ring
D:2:      layout_basic, basic_altar, wander_ebering_terrifying_dragon_lair
D:3:      layout_basic, nicolae_vehumet_altar_sigil, gammafunk_ghost_split,
          uniq_crazy_yiuf_cottage, uniq_natasha, uniq_robin
D:4:      layout_loops_ring, mainiacjoe_overflow_brackets,
          gammafunk_ghost_gnarly_gnolls, enter_ossuary_5,
          kennysheep_generic_room_12, uniq_menkaure
D:5:      layout_basic, minmay_temple_entry_junction_2, uniq_duvessa
D:6:      layout_layer_cave, hangedman_abyss_or_decor_lesser_grid,
          pf_guarded_unrand_woodcutter

Skill      XL: |  1  2  3  4  5 |
---------------+----------------+-----
Fighting       | 1 2 3 |  3.7
Spellcasting   | 3 |  3.8
Dodging        | 3 |  3.0
Stealth        | |  1.5

Action                   |  1- 3 |  4- 6 || total
-------------------------+-------+-------++-------
Throw: Stone             |     5 |    15 ||    20
 Cast: Sandblast         |    43 |    85 ||   128
Invok: Curse Item        |       |     1 ||     1
Armor: Robe              |     2 |     1 ||     3
       Leather armour    |       |    10 ||    10
Dodge: Dodged            |     8 |    33 ||    41

Table legend: (Time is in decaauts)
 A = Elapsed time spent in this place.
 B = Non-inter-level travel time spent in this place.
 C = Inter-level travel time spent in this place.
 D = Time resting spent in this place.
 E = Time spent auto-exploring this place.
 F = Levels seen in this place.
 G = Mean time per level.
                   A        B        C        D        E       F      G
               +--------+--------+--------+--------+--------+-----+--------+
         Total |   2357 |   2296 |     61 |    100 |   1418 |   7 |  336.7 |
       Dungeon |   2036 |   1975 |     61 |    100 |   1388 |   6 |  339.3 |
       Ossuary |    321 |    321 |      0 |      0 |     30 |   1 |  321.0 |
               +--------+--------+--------+--------+--------+-----+--------+

Top non-repeatable levels by time:
     D:2: 1046 daAuts
     D:1: 656 daAuts
 Ossuary: 321 daAuts
     D:3: 178 daAuts
     D:4: 124 daAuts
     D:5: 23 daAuts
     D:6: 5 daAuts
